 Dungeon Crawl Stone Soup version 0.20-a0-517-g5f97612 (webtiles) character file.

41108 Amnesiac the Thaumaturge (level 13, -23/96 HPs)
             Began as a Mummy Earth Elementalist on Jan 24, 2017.
             Was a High Priest of Sif Muna.
             Annihilated by a dire elephant (36 damage)
             ... on level 14 of the Dungeon.
             The game lasted 00:40:10 (16844 turns).

Amnesiac the Thaumaturge (MuEE)                    Turns: 16844, Time: 00:40:11

Health: -23/96     AC: 11    Str: 11    XL:     13   Next: 78%
Magic:  11/46      EV: 14    Int: 18    God:    Sif Muna [*****.]
Gold:   366        SH:  8    Dex: 14    Spells: 12/41 levels left

rFire    x . .     SeeInvis .   E - staff of power
rCold    + . .     Gourm    .   B - +0 troll leather armour
rNeg     + + +     Faith    .   n - +3 buckler {reflect}
rPois    ∞         Spirit   .   D - +0 helmet
rElec    .         Reflect  +   (no cloak)
rCorr    .         Harm     +   a - +0 pair of gloves
MR       +....                  g - +1 pair of boots
Stlth    ++........             b - amulet of harm
Regen    0.7/turn               G - +3 ring of protection
                                R - ring of wizardry

@: divine energy
A: no food or potions, fire vulnerability, cold resistance 1, negative energy
resistance 3, torment resistance, unbreathing, in touch with death 1
a: Stop Divine Energy, Channel Magic, Forget Spell, Renounce Religion


You were on level 14 of the Dungeon.
You worshipped Sif Muna.
Sif Muna was extremely pleased with you.
You were not hungry.

You visited 1 branch of the dungeon, and saw 15 of its levels.
You visited 1 bazaar.

You collected 931 gold pieces.
You spent 565 gold pieces at shops.

Inventory:

Hand Weapons
 p - a +2 scythe of flaming
Missiles
 k - 273 stones (quivered)
Armour
 a - a +0 pair of gloves (worn)
 g - a +1 pair of boots (worn)
 n - a +3 buckler of reflection (worn)
 B - a +0 troll leather armour (worn)
 D - a +0 helmet (worn)
 O - the +8 chain mail "Rureryci" {MR+ Dex+4}
   (You found it on level 12 of the Dungeon)

   It affects your dexterity (+4).
   It affects your resistance to hostile enchantments.
Magical Staves
 E - an uncursed staff of power (weapon)
 F - an uncursed staff of death
 H - an uncursed staff of air
 M - an uncursed staff of earth
 N - an uncursed staff of fire
Jewellery
 b - an amulet of harm (around neck)
 c - an uncursed ring of flight
 e - a +4 ring of strength
 l - an uncursed amulet of regeneration
 v - a +3 ring of evasion
 z - an uncursed ring of resist corrosion
 G - a +3 ring of protection (right hand)
 P - an uncursed ring of fire
 R - a ring of wizardry (left hand)
Scrolls
 i - a scroll of identify
 j - 7 scrolls of remove curse
 m - 7 scrolls of amnesia
 o - 4 scrolls of teleportation
 s - 4 scrolls of enchant weapon
 x - a scroll of magic mapping
 y - 4 scrolls of recharging
 I - 2 scrolls of fog
 J - a scroll of fear
 L - 2 scrolls of vulnerability
 Q - a scroll of summoning
Books
 d - a book of Geomancy

   Spells                             Type                      Level
   a - Sandblast                      Earth                        1
   b - Passwall                       Transmutation/Earth          2
   c - Stone Arrow                    Conjuration/Earth            3
   d - Petrify                        Transmutation/Earth          4
   e - Lee's Rapid Deconstruction     Earth                        5
 f - a book of Air

   Spells                             Type                      Level
   a - Shock                          Conjuration/Air              1
   b - Swiftness                      Charms/Air                   2
   c - Repel Missiles                 Charms/Air                   2
   d - Static Discharge               Conjuration/Air              3
   e - Lightning Bolt                 Conjuration/Air              5
 q - a book of Changes

   Spells                             Type                      Level
   a - Beastly Appendage              Transmutation                1
   b - Sticks to Snakes               Transmutation                2
   c - Spider Form                    Transmutation/Poison         3
   d - Ice Form                       Ice/Transmutation            4
   e - Blade Hands                    Transmutation                5
 u - a book of Minor Magic

   Spells                             Type                      Level
   a - Magic Dart                     Conjuration                  1
   b - Blink                          Translocation                2
   c - Call Imp                       Summoning                    2
   d - Repel Missiles                 Charms/Air                   2
   e - Slow                           Hexes                        2
   f - Conjure Flame                  Conjuration/Fire             3
   g - Mephitic Cloud                 Conjuration/Poison/Air       3
 K - a book of the Earth

   Spells                             Type                      Level
   a - Leda's Liquefaction            Hexes/Earth                  4
   b - Bolt of Magma                  Conjuration/Fire/Earth       5
   c - Statue Form                    Transmutation/Earth          6
   d - Iron Shot                      Conjuration/Earth            6
   e - Shatter                        Earth                        9


   Skills:
 - Level 7.0 Fighting
 - Level 4.4 Dodging
 - Level 1.5 Stealth
 - Level 4.0 Shields
 + Level 14.8 Spellcasting
 - Level 0.7 Transmutations
 * Level 14.8 Earth Magic


You had 12 spell levels left.
You knew the following spells:

 Your Spells              Type           Power        Failure   Level  Hunger
a - Repel Missiles        Chrm/Air       ##....       4%          2    N/A
b - Blink                 Tloc           N/A          4%          2    N/A
c - Swiftness             Chrm/Air       ##......     4%          2    N/A
d - Bolt of Magma         Conj/Fire/Erth ####......   10%         5    N/A
e - Petrify               Tmut/Erth      #####...     1%          4    N/A
f - Lee's Rapid Deconstr  Erth           ######....   1%          5    N/A
g - Mephitic Cloud        Conj/Pois/Air  ##......     9%          3    N/A
v - Passwall              Tmut/Erth      #####.....   1%          2    N/A
w - Sandblast             Erth           ######       0%          1    N/A
z - Stone Arrow           Conj/Erth      #####.       1%          3    N/A

Dungeon Overview and Level Annotations

Branches:
Dungeon (15/15)            Temple (0/1) D:6            Lair (0/6) D:10
    Orc (0/2) D:9          Vaults (0/5) D:14         Depths (0/5) D:15

Altars:
Ashenzari
Dithmenos
Gozag
Hepliaklqana
Kikubaaqudgha
Nemelex Xobeh
Qazlal
Ru
Sif Muna
Trog
Uskayaw
Yredelemnul
Zin

Shops:
D:10 %   D:11 [   D:12 =}=*   D:15 =*


Innate Abilities, Weirdness & Mutations

You do not eat or drink.
Your flesh is vulnerable to fire.
You are immune to poison.
Your flesh is cold resistant. (rC+)
You are immune to negative energy. (rN+++)
You are immune to unholy pain and torment.
You can survive without breathing.
You are in touch with the powers of death.


Message History

You see here 3 arrows.
Casting: Stone Arrow
Confirm with . or Enter, or press ? or * to list all spells.
Aiming: Stone Arrow
Press: ? - help, Shift-Dir - straight line, f/p - dire elephant
Aim: a dire elephant (severely wounded)
The stone arrow hits the dire elephant.
The dire elephant is almost dead.
The dire elephant tramples you!!
* * * LOW HITPOINT WARNING * * *
You stumble backwards!
Casting: Stone Arrow
Confirm with . or Enter, or press ? or * to list all spells.
Aiming: Stone Arrow
Press: ? - help, Shift-Dir - straight line, f/p - dire elephant
Aim: a dire elephant (almost dead)
The stone arrow hits the dire elephant.
The dire elephant is almost dead.
The dire elephant tramples you!!
You die...

#..[.#########...
#....#...........
#....'.#######...
#....### #...
#....# #### ###'##
####.. ##.# #(...#
###(.# ##(####
#@..## #......
#Y### #......
##(####### #>.....
#(.......# #.[....
#.....(..####.....%
#........##.'......
#........#..#.(....
#........'.#######'
#........### #.


You could see a dire elephant.

Vanquished Creatures
  A sphinx (D:12)
  A stone giant (D:12)
  The ghost of HEYYEYAAE the Bludgeoner, a journeyman TrBe of Trog (D:14)
  An ettin (D:12)
  4 centaur warriors
  4 two-headed ogres
  An unseen horror (D:15)
  A flayed ghost (D:12)
  A deep elf archer (D:14)
  A phantasmal warrior (D:14)
  2 deep elf magi
  The ghost of Azzok the Skirmisher, a novice DsMo of Qazlal (D:6)
  Pikel (D:5)
  2 wolf spider zombies
  A wolf spider (D:15)
  3 cyclopes
  7 ugly things
  A manticore (D:15)
  A cyclops (shapeshifter) (D:12)
  A rust devil (D:12)
  4 gargoyles
  4 centaur skeletons
  An orange demon (D:12)
  2 kobold demonologists (D:12)
  A rime drake (shapeshifter) (D:14)
  2 red devils (D:12)
  7 trolls
  A hornet (D:12)
  16 slime creatures
  5 hippogriffs
  Sigmund (D:2)
  2 shadows (D:12)
  10 yaks
  A wraith (D:15)
  Eustachio (D:4)
  3 hogs (D:7)
  A human (D:7)
  A basilisk (D:13)
  2 hungry ghosts
  A vampire mosquito (D:15)
  A water moccasin (D:11)
  8 orc warriors
  7 phantoms
  5 sky beasts
  4 slaves
  An ice beast (D:8)
  2 eyes of draining (shapeshifter)
  A black bear (shapeshifter) (D:14)
  6 ogres
  A boggart (shapeshifter) (D:15)
  19 centaurs
  A boggart (D:12)
  2 crocodiles
  A big kobold (D:11)
  5 bullfrogs
  4 scorpions
  2 vampire bats (D:8)
  9 wights
  9 howler monkeys
  6 crimson imps
  2 centaur zombies (D:8)
  9 iron imps (D:12)
  10 hounds
  9 orc priests
  A gnoll shaman (D:7)
  7 jellies
  13 orc wizards
  A bullfrog skeleton (D:6)
  2 iguanas
  8 worker ants
  2 hound skeletons
  5 worker ant zombies
  9 gnolls
  12 adders
  2 shadow imps
  An ooze (D:5)
  A worm (D:3)
  A dart slug (D:1)
  9 leopard geckos
  57 orcs
  2 ball pythons
  3 bat skeletons (D:8)
  A bat zombie (D:8)
  7 giant cockroaches
  14 goblins
  7 hobgoblins
  5 kobolds
  12 quokkas
  11 bats
  7 frilled lizards
  A giant cockroach zombie (D:6)
  A leopard gecko skeleton (D:4)
  A quokka zombie (D:6)
  8 rats
437 creatures vanquished.

Vanquished Creatures (others)
  A yaktaur captain (D:12)
  3 centaurs
4 creatures vanquished.

Grand Total: 441 creatures vanquished

Notes
Turn   | Place    | Note
-------+----------+-------------------------------------------
     0 | D:1      | Amnesiac the Mummy Earth Elementalist began the quest for the Orb.
     0 | D:1      | Reached XP level 1. HP: 13/13 MP: 4/4
   147 | D:3      | Noticed a bullfrog
   154 | D:3      | Killed a bullfrog
   154 | D:3      | Reached XP level 2. HP: 11/19 MP: 0/6
   154 | D:3      | Reached XP level 3. HP: 15/24 MP: 0/8
   158 | D:3      | Learned a level 2 spell: Passwall
   159 | D:3      | Reached XP level 4. HP: 19/30 MP: 0/9
   295 | D:3      | Learned a level 3 spell: Stone Arrow
  1396 | D:4      | Reached XP level 5. HP: 35/35 MP: 4/11
  1484 | D:4      | Noticed Eustachio
  1572 | D:4      | Killed Eustachio
  1572 | D:4      | Reached skill level 5 in Spellcasting
  1572 | D:4      | Reached skill level 5 in Earth Magic
  1572 | D:4      | Reached XP level 6. HP: 37/41 MP: 4/13
  2521 | D:5      | Entered Level 5 of the Dungeon
  2770 | D:5      | Reached XP level 7. HP: 39/46 MP: 0/15
  3759 | D:5      | Learned a level 5 spell: Lee's Rapid Deconstruction
  3764 | D:5      | Learned a level 4 spell: Petrify
  3767 | D:5      | Learned a level 2 spell: Repel Missiles
  3922 | D:6      | Noticed Pikel
  4038 | D:6      | Noticed Azzok's ghost (novice DsMo)
  4111 | D:6      | Found a deep blue altar of Sif Muna.
  4111 | D:6      | Found a glowing silver altar of Zin.
  4118 | D:6      | Became a worshipper of Sif Muna the Loreminder
  4119 | D:6      | Reached XP level 8. HP: 52/52 MP: 15/18
  4363 | D:5      | Killed Pikel
  4363 | D:5      | Reached * piety under Sif Muna
  4926 | D:6      | Found a staircase to the Ecumenical Temple.
  6023 | D:2      | Noticed Sigmund
  6034 | D:2      | Killed Sigmund
  6034 | D:2      | Reached ** piety under Sif Muna
  6034 | D:2      | Reached XP level 9. HP: 54/57 MP: 14/21
  6433 | D:6      | Killed Azzok's ghost
  6634 | D:6      | Found a basalt altar of Yredelemnul.
  7080 | D:6      | Found a bloodstained altar of Trog.
  7153 | D:6      | Found a stormy altar of Qazlal.
  7284 | D:7      | Found a hide-covered altar of Uskayaw.
  7391 | D:7      | Reached *** piety under Sif Muna
  7731 | D:7      | Reached skill level 10 in Earth Magic
  7922 | D:7      | Reached skill level 10 in Spellcasting
  8039 | D:7      | Reached XP level 10. HP: 63/63 MP: 13/24
  8350 | D:8      | Found an ancient bone altar of Kikubaaqudgha.
  8365 | D:8      | Reached **** piety under Sif Muna
  8453 | D:8      | Found a sacrificial altar of Ru.
  9148 | D:9      | Learned a level 2 spell: Swiftness
  9160 | D:9      | Found a staircase to the Orcish Mines.
  9406 | D:9      | Found a hazy altar of Hepliaklqana.
  9444 | D:9      | Found an opulent altar of Gozag.
  9469 | D:9      | Found a sparkling altar of Nemelex Xobeh.
  9506 | D:9      | Found a shadowy altar of Dithmenos.
  9841 | D:10     | Entered Level 10 of the Dungeon
  9879 | D:10     | Noticed a two-headed ogre
  9887 | D:10     | Killed a two-headed ogre
  9904 | D:10     | Noticed a two-headed ogre
  9921 | D:10     | Killed a two-headed ogre
 10150 | D:10     | Found a staircase to the Lair.
 10215 | D:10     | Reached XP level 11. HP: 68/68 MP: 0/26
 10404 | D:10     | Reached ***** piety under Sif Muna
 10408 | D:10     | Found Ydwim's Food Shoppe.
 10585 | D:11     | Noticed a two-headed ogre
 10599 | D:11     | Killed a two-headed ogre
 10912 | D:11     | Found Ifajeg's Armour Emporium.
 10918 | D:11     | Bought a +2 buckler of reflection for 259 gold pieces
 10923 | D:11     | Received a gift from Sif Muna
 10923 | D:11     | Reached skill level 1 in Shields
 11262 | D:11     | Paralysed by an orc for 7 turns
 11832 | D:12     | Noticed a two-headed ogre
 11841 | D:12     | Killed a two-headed ogre
 11925 | D:12     | Noticed a centaur warrior
 11927 | D:12     | Killed a centaur warrior
 11941 | D:12     | Reached XP level 12. HP: 68/74 MP: 0/28
 11979 | D:12     | Found Uwnuugua's General Store.
 12023 | D:12     | Noticed a yaktaur captain
 12033 | D:12     | Killed a yaktaur captain
 12094 | D:12     | Noticed a sphinx
 12109 | D:12     | Paralysed by a sphinx for 2 turns
 12111 | D:12     | Killed a sphinx
 12168 | D:12     | Found Foac's Jewellery Emporium.
 12232 | D:12     | Received a gift from Sif Muna
 12312 | D:12     | Found a basalt altar of Yredelemnul.
 12327 | D:12     | Reached skill level 1 in Fighting
 12492 | D:12     | Found Ahen's Jewellery Shoppe.
 12533 | D:12     | Noticed a stone giant
 12585 | D:12     | Killed a stone giant
 12793 | D:12     | Noticed an ettin
 12816 | D:12     | Killed an ettin
 12816 | D:12     | Reached skill level 5 in Fighting
 13098 | D:12     | Found Karphops's Gadget Emporium.
 13150 | D:12     | Got a jewelled chain mail
 13162 | D:12     | Identified the +8 chain mail "Rureryci" {MR+ Dex+4} (You found it on level 12 of the Dungeon)
 13310 | D:12     | Learned a level 5 spell: Bolt of Magma
 13691 | D:12     | Gained mutation: You are in touch with the powers of death. [Mummy growth]
 13691 | D:12     | Reached XP level 13. HP: 44/96 MP: 6/30
 14767 | D:14     | Noticed HEYYEYAAE's ghost (journeyman TrBe)
 15058 | D:14     | Found a flickering gateway to a bazaar.
 15070 | Bazaar   | Entered a bazaar
 15070 | Bazaar   | Found Meurusm's Weapon Emporium.
 15070 | Bazaar   | Found Vennetou's Antique Armour Shoppe.
 15070 | Bazaar   | Found Atuzuz's Antique Weapon Emporium.
 15072 | Bazaar   | Found Siud Zafy's Food Shoppe.
 15083 | Bazaar   | Bought a polished ring mail for 306 gold pieces
 15088 | D:14     | Identified the +0 ring mail of Grace {rPois rC+} (You bought it in a shop in a bazaar)
 15328 | D:14     | Killed HEYYEYAAE's ghost
 15349 | D:14     | Found a gate to the Vaults.
 15755 | D:15     | Entered Level 15 of the Dungeon
 15800 | D:15     | Found Elaub's General Store.
 15838 | D:15     | Found a shattered altar of Ashenzari.
 15855 | D:15     | Received a gift from Sif Muna
 15965 | D:15     | Learned a level 2 spell: Blink
 15990 | D:15     | Learned a level 3 spell: Mephitic Cloud
 16021 | D:15     | Found Idiv's Jewellery Boutique.
 16648 | D:15     | Found a staircase to the Depths.
 16648 | D:15     | Noticed a dire elephant
 16844 | D:14     | Annihilated by a dire elephant

Vault maps used:
D:1:      moated_graveyard_arrival, hex_tiny
D:2:      wad_floor_pattern_untrapped, st_stairs_4, uniq_sigmund
D:3:      first_bread
D:4:      uniq_eustachio
D:5:      kennysheep_generic_room_5
D:6:      nicolae_qazlal_eye_of_the_storm, yredelemnul_altar_generic,
          lightli_temple_of_fire, amethyst_overflow_temple_binary,
          temple_doors_cd, uniq_pikel
D:7:      lemuel_doored_altar, grunt_livestock
D:8:      kennysheep_vampire_church, nicolae_ru_sacrificial_ziggurat
D:9:      grunt_temple_overflow_opulence, nicolae_overflow_hidden_temple,
          orc_david_3, basic_altar, kennysheep_nondescript
D:10:     lair_entry_dummy, serial_shops,
          nicolae_shop_temple_entry_statues_fountains
D:11:     serial_shops, nicolae_shop_trees, nicolae_benzene_ring
D:12:     minmay_sliced_demisemicircle, serial_shops, kennysheep_little_box,
          shop, kennysheep_mini_moat, shop_statue, enter_bailey_3,
          lemuel_hellish_altar
D:14:     david_vaults_4, interstate_on_off, serial_shops, bzr_entry_water
D:15:     hangedman_depths_entry_try_elsewhere_first, serial_shops, shop,
          nicolae_shop_crystal, shop, nicolae_shop_stone, fedhas_altar_4,
          spider_trap, evilmike_ruin_ashenzari
Bazaar:   bazaar_general_marketplace

Skill      XL: |  1  2  3  4  5  6  7  8  9 10 11 12 13 |
---------------+----------------------------------------+-----
Spellcasting   | 3 4 5 6 8 10 11 12 13 14 | 14.8
Earth Magic    | 3 4 5 6 8 10 11 13 14 | 14.8
Shields        | 4 |  4.0
Fighting       | 7 |  7.0
Dodging        | 3 4 |  4.4
Stealth        | |  1.5
Transmutations | |  0.7

Action                   |  1- 3 |  4- 6 |  7- 9 | 10-12 | 13-15 || total
-------------------------+-------+-------+-------+-------+-------++-------
Melee: Unarmed           |       |    24 |       |       |       ||    24
       Morningstar       |       |     5 |     4 |       |       ||     9
       Whip              |       |       |   172 |    49 |       ||   221
       Staff             |       |       |       |     8 |     8 ||    16
 Cast: Sandblast         |    10 |    40 |    74 |     3 |       ||   127
       Stone Arrow       |       |    48 |    95 |   267 |   148 ||   558
       Repel Missiles    |       |       |     3 |     4 |     1 ||     8
       Passwall          |       |       |     1 |     3 |     1 ||     5
       Lee's Rapid Decon |       |       |     6 |    89 |    41 ||   136
       Petrify           |       |       |       |       |     4 ||     4
       Blink             |       |       |       |       |     1 ||     1
Invok: Divine Energy     |       |       |     1 |       |       ||     1
  Use: Scroll            |       |       |     5 |     2 |    12 ||    19
 Stab: Sleeping          |       |       |     3 |     2 |       ||     5
Armor: Robe              |     1 |    23 |    72 |    19 |       ||   115
       Troll leather arm |       |       |       |    31 |    33 ||    64
Dodge: Dodged            |     4 |    74 |   151 |   112 |    51 ||   392
       Deflected         |       |       |     2 |     7 |     6 ||    15
Block: Buckler           |       |       |       |    34 |    27 ||    61
       Reflection        |       |       |       |     8 |     5 ||    13
